 Dungeon Crawl Stone Soup version 0.31-a0-431-g88bdf31460 (webtiles) character file.

Game seed: 2498594149035345754

102 floatRand the Cudgeller (level 4, -1/28 HPs)
             Began as a Gargoyle Monk on Aug 1, 2023.
             Slain by an orc wizard
             ... wielding a +1 dagger of venom
              (4 damage)
             ... on level 3 of the Dungeon.
             The game lasted 00:02:55 (1844 turns).

floatRand the Cudgeller (Gargoyle Monk)             Turns: 1844, Time: 00:02:56

Health: -1/28      AC:  9    Str: 16    XL:     4   Next: 78%
Magic:  4/4        EV: 11    Int: 11    God:
Gold:   94         SH:  0    Dex: 12    Spells: 3/3 levels left

rFire   . . .        a - +0 mace
rCold   . . .        d - orb {light}
rNeg    + . .        k - +0 ring mail
rPois   ∞            (no helmet)
rElec   +            (no cloak)
rCorr   .            (no gloves)
SInv    .            (no boots)
Will    .....        (no amulet) Stlth
                     (no ring)
HPRegen 0.24/turn    (no ring)
MPRegen 0.09/turn

%: no passive effects
@: confused, hasted, glowing, invisible (but backlit and visible), very quick
A: sickness immunity, AC +3, negative energy resistance 1, electricity
resistance, torment resistance 1, petrification resistance
a: no special abilities


You were on level 3 of the Dungeon.
You visited 1 branch of the dungeon, and saw 3 of its levels.

You collected 94 gold pieces.

Inventory:

Hand Weapons
 a - a +0 mace (weapon)
Missiles
 n - 3 javelins
Armour
 d - an orb of light (worn)
 k - a +0 ring mail (worn)
Scrolls
 c - 3 scrolls of identify {unknown}
 f - 2 scrolls of noise {unknown}
 i - 2 scrolls of immolation {unknown}
 l - a scroll of fear {unknown}
Potions
 b - a potion of haste
 e - a potion of invisibility
 g - a potion of magic {unknown}
 h - a potion of degeneration {unknown}
 j - a potion of attraction {unknown}
 m - a potion of curing {unknown}


   Skills:
 - Level 3.2 Fighting
 * Level 4.6 Maces & Flails
 + Level 2.5 Armour
 - Level 2.4 Dodging


You had 3 spell levels left.
You didn't know any spells.
Your spell library was empty.

Dungeon Overview and Level Annotations

Branches:
Dungeon (3/15)

Altars:
Kikubaaqudgha
Nemelex Xobeh

Shops:
D:2 (


Innate Abilities, Weirdness & Mutations

You are immune to sickness and miasma.
Your stone body is resilient. (AC +3)
You are immune to poison.
You resist negative energy. (rN+)
You are resistant to electric shocks. (rElec)
You are resistant to unholy torment.
You are immune to petrification.


Message History

The bat hits you but does no damage. The orc wizard closely misses you.
Unknown command.
The bat closely misses you. The bat hits you but does no damage.
The orc wizard casts a spell at you. The puff of flame hits you!
The orc suddenly curses.
You sock the bat!
You kill the bat!
You closely miss the orc wizard. The hobgoblin barely misses you.
The orc wizard hits you with a +1 dagger of venom.
You closely miss the orc wizard. The hobgoblin barely misses you.
The orc wizard gestures at you while chanting.
You are confused.
The hobgoblin hits you but does no damage.
The orc wizard hits you with a +1 dagger of venom.
You bump into the rock wall.
The hobgoblin hits you but does no damage.
The orc wizard hits you but does no damage.
Unknown command.
It was a potion of haste.
You feel yourself speed up. The hobgoblin completely misses you.
The orc wizard hits you with a +1 dagger of venom.
You barely miss the orc wizard.
Unknown command.
You're too confused to move!
The hobgoblin hits you.
The orc wizard hits you with a +1 dagger of venom.
* * * LOW HITPOINT WARNING * * *
Unknown command.
You're too confused to attack without stumbling around!
It was a potion of invisibility.
You become transparent, but the glow from your halo prevents you from becoming completely invisible.
The hobgoblin barely misses you.
The orc wizard gestures at you while chanting.
The puff of flame hits you.
* * * LOW HITPOINT WARNING * * *
You hit the orc wizard.
The orc wizard is heavily wounded.
The hobgoblin barely misses you.
The orc wizard hits you with a +1 dagger of venom.
You die...

# ##?.#
####......
#.....o..# #
#.###.#..#.#
#.#.#####.....
#...wo@go...#
###.#######...
#.# #.# #.#
#.. #.. #..


You could see a worm, an orc wizard, an orc and a hobgoblin.

Vanquished Creatures
  An orc priest (D:3)
  2 adders (D:2)
  2 worms
  2 dart slugs (D:1)
  An orc (D:2)
  3 ball pythons
  9 endoplasms
  A giant cockroach (D:1)
  2 goblins (D:1)
  2 hobgoblins (D:2)
  A quokka (D:2)
  6 bats
  6 frilled lizards
  6 kobolds
  3 rats
47 creatures vanquished.

Notes
Turn   | Place    | Note
-------+----------+-------------------------------------------
     0 | D:1      | floatRand the Gargoyle Monk began the quest for the Orb.
     0 | D:1      | Reached XP level 1. HP: 14/14 MP: 1/1
    50 | D:1      | You fall into a shaft and drop 1 floor!
   111 | D:2      | Reached XP level 2. HP: 8/19 MP: 2/2
   132 | D:2      | Reached skill level 1 in Armour
   137 | D:2      | Reached XP level 3. HP: 9/23 MP: 3/3
   357 | D:1      | Reached skill level 4 in Maces & Flails
   911 | D:2      | Found Efah Asm's Antique Weapon Emporium.
   924 | D:2      | Found a faded altar of an unknown god.
  1029 | D:2      | Reached XP level 4. HP: 28/28 MP: 4/4
  1300 | D:3      | Found a sparkling altar of Nemelex Xobeh.
  1619 | D:3      | Found an ancient bone altar of Kikubaaqudgha.
  1815 | D:3      | Noticed a black bear
  1844 | D:3      | Slain by an orc wizard

Illustrated notes

Levels and vault maps discovered:
D:1:      dpeg_arrival_round_c, layout_basic
D:2:      layout_rooms, shapermc_ecumenical_altar_gd, serial_shops, shop,
          minivault_27
D:3:      layout_loops_ring, mainiacjoe_overflow_brackets,
          nicolae_kikubaaqudgha_miasma_corner, minmay_misc_feat_alley,
          minivault_14, uniq_terence

Skill      XL: |  1  2  3 |
---------------+----------+-----
Armour         | 1 2 |  2.5
Maces & Flails | 4 |  4.6
Fighting       | |  3.2
Dodging        | |  2.4

Action                     |  1- 3 |  4- 6 || total
---------------------------+-------+-------++-------
  Melee: Mace              |    99 |    44 ||   143
    Use: Potion            |     1 |     2 ||     3
 Armour: Robe              |    41 |       ||    41
         Ring mail         |     3 |    27 ||    30
  Dodge: Dodged            |    83 |    25 ||   108

Table legend: (Time is in decaauts)
 A = Elapsed time spent in this place.
 B = Non-inter-level travel time spent in this place.
 C = Inter-level travel time spent in this place.
 D = Time resting spent in this place.
 E = Time spent auto-exploring this place.
 F = Levels seen in this place.
 G = Mean time per level.
                   A        B        C        D        E       F      G
               +--------+--------+--------+--------+--------+-----+--------+
         Total |   1876 |   1818 |     58 |    334 |    966 |   3 |  625.3 |
       Dungeon |   1876 |   1818 |     58 |    334 |    966 |   3 |  625.3 |
               +--------+--------+--------+--------+--------+-----+--------+

Top non-repeatable levels by time:
     D:2: 779 daAuts
     D:1: 663 daAuts
     D:3: 433 daAuts
